Connexion

DETROIT Red Wings vs NEW JERSEY Devils

Created - 21 janvier 2024 at 08:38

Goals
1 2 3 T
DETROIT Red Wings 4 0 2 6
NEW JERSEY Devils 1 2 0 3
Shots
1 2 3 T
DETROIT Red Wings 15 4 11 30
NEW JERSEY Devils 10 12 7 29

GoalsPenalties
1st period
1. NEW JERSEY Devils , Troy Terry 13 (Anton Lundell 25, Roope Hintz 26) at 7:46
2. DETROIT Red Wings , Nathan Mackinnon 14 (Jake DeBrusk 39, Zach Whitecloud 11) at 8:40
3. DETROIT Red Wings , Mike Amadio 12 (Gabriel Landeskog 12, Morgan Rielly 36) at 9:38
4. DETROIT Red Wings , Morgan Rielly 8 (Jake Bean 19, Mikko Rantanen 24) at 15:59 (PP)
5. DETROIT Red Wings , Drake Batherson 17 (Mikko Rantanen 25, Erik Karlsson 30) at 18:22
Trevor Zegras (N.J) for Tripping (Minor) at 14:33
2nd period
6. NEW JERSEY Devils , Troy Terry 14 (Anton Lundell 26, Shayne Gostisbehere 39) at 10:48
7. NEW JERSEY Devils , Rem Pitlick 9 (Shayne Gostisbehere 40, Jaccob Slavin 34) at 15:19
No Penalty
3rd period
8. DETROIT Red Wings , Jake DeBrusk 21 (Jamie Benn 22, Devon Toews 26) at 11:05
9. DETROIT Red Wings , Devon Toews 7 (Jake DeBrusk 40) at 13:57
No Penalty
Goalie Stats
Elvis Merzlikins (DET), 26 saves from 29 shots - (0,897), W, 20-28-2, 60:00 minutes
Scott Wedgewood (N.J), 13 saves from 15 shots - (0,867), 41:38 minutes
Tristan Jarry (N.J), 11 saves from 15 shots - (0,733), L, 15-21-3, 18:22 minutes
3 StarsOfficial
1 - Jake DeBrusk (DET)
2 - Devon Toews (DET)
3 - Nathan Mackinnon (DET)
Referees : Steve Kozari and Ghislain Hebert
Linesman : Pierre Racicot and Jean Morin
Game Note
Scott Wedgewood enters game at 18:22 of 1st period
Finance
Level 1 -- Attendance: 5569 (92,82%) -- Ticket Income $668,280
Level 2 -- Attendance: 4616 (99,81%) -- Ticket Income $415,440
Level 3 -- Attendance: 1692 (84,60%) -- Ticket Income $93,060
Level 4 -- Attendance: 2945 (73,63%) -- Ticket Income $117,800
Luxury Box -- Attendance: 1000 (100,00%) -- Ticket Income $190,000
Game was played at the Prudential Center.
Total Attendance: 15822 (89,77%)
Total Ticket Income: $1,484,580
Other Income: $296,916
Total Income: $1,781,496



Team Name Goals Shots Shots Attemp Shots Blocked PIM HIT PP PK FO%
DETROIT Red Wings 6304680171 / 1 (100%)049%
NEW JERSEY Devils 3295332140 / 0 (0,00%151%

DETROIT Red Wings
Player Name POS G A P +/- PIM HIT SHT SB MP PP MP PP SHT PK MP PK SHT FO% FOT
Ben MeyersC/LW000000000:000:0000:0000% 0
Devon ToewsD1123023025:430:5810:0000% 0
Drake BathersonC/RW101-2043019:310:2800:00043% 23
Erik KarlssonD0113011225:430:5810:0000% 0
Gabriel LandeskogLW/RW0111031014:510:0000:0000% 1
Jake BeanD011-2011420:020:2800:0000% 0
Jake DeBruskLW/RW1233016020:330:5800:0000% 2
Jamie BennC/LW0113000025:380:5800:00054% 26
Mark StoneRW000-2023019:310:2810:0000% 0
Mike AmadioC/LW/RW1011002014:510:0000:00063% 19
Mikko RantanenC/LW/RW022-2000019:310:2800:0000% 0
Morgan RiellyD112-2012220:020:2810:0000% 0
Nathan MackinnonC/RW1013003020:330:5800:0000% 0
Noah GregorC000001005:050:0000:00043% 7
Sami NikuD0001001014:150:0000:0000% 0
Tanner JeannotLW/RW000000005:050:0000:0000% 0
Valeri NichushkinLW/RW0001003014:510:0000:0000% 1
Zach WhitecloudD0111011014:150:0000:0000% 0
NEW JERSEY Devils
Player Name POS G A P +/- PIM HIT SHT SB MP PP MP PP SHT PK MP PK SHT FO% FOT
Anton LundellC0220012017:590:0000:00037% 19
Brett KulakD000-1000019:300:0000:0000% 0
Charlie CoyleC/RW000-1004021:070:0001:06067% 3
Christian DvorakC/LW000-2000014:580:0000:20075% 4
Cody GlassC000-2002014:380:0000:00041% 17
Erik JohnsonD000-2020015:590:0000:3600% 0
Jaccob SlavinD0111003024:310:0000:5000% 0
Jack JohnsonD000-2010115:230:0000:0000% 0
Jordan HarrisD000-1010120:060:0000:3600% 0
Kirby DachC/RW000-2012014:380:0000:0000% 0
Max DomiC/LW000-1024020:090:0000:08020% 5
Nail YakupovRW000101105:560:0000:0000% 0
Rem PitlickC/LW/RW101100205:560:0000:00033% 6
Roope HintzC/LW0110001018:190:0000:2000% 1
Sean KuralyC/LW000101105:560:0000:0000% 0
Shayne GostisbehereD0221020024:310:0000:5000% 0
Trevor ZegrasC000-1213120:000:0000:00074% 23
Troy TerryC/RW2020014018:570:0000:580100% 1



Play-by-Play

1st period


0:01 of 1st period - Trevor Zegras wins face-off versus Jake DeBrusk in neutral zone.
0:15 of 1st period - Shot by Charlie Coyle.
0:15 of 1st period - Stopped by Elvis Merzlikins without a rebound.
0:16 of 1st period - Anton Lundell wins face-off versus Drake Batherson in DETROIT Red Wings zone.
0:23 of 1st period - Shot by Anton Lundell.
0:23 of 1st period - Shot Misses the Net.
0:29 of 1st period - Jordan Harris is hit by Mark Stone and loses puck.
2:30 of 1st period - Trevor Zegras is hit by Devon Toews and loses puck.
3:09 of 1st period - Jack Johnson is hit by Drake Batherson.
3:20 of 1st period - Icing by Mark Stone.
3:21 of 1st period - Rem Pitlick wins face-off versus Drake Batherson in DETROIT Red Wings zone.
3:26 of 1st period - Shot by Nail Yakupov.
3:26 of 1st period - Shot Misses the Net.
4:09 of 1st period - Sami Niku is hit by Sean Kuraly and loses puck.
4:28 of 1st period - Shot by Valeri Nichushkin.
4:28 of 1st period - Stopped by Tristan Jarry without a rebound.
4:29 of 1st period - Anton Lundell wins face-off versus Noah Gregor in NEW JERSEY Devils zone.
4:29 of 1st period - Anton Lundell is hit by Noah Gregor.
5:08 of 1st period - Shot by Anton Lundell.
5:08 of 1st period - Stopped by Elvis Merzlikins without a rebound.
5:09 of 1st period - Trevor Zegras wins face-off versus Gabriel Landeskog in DETROIT Red Wings zone.
5:18 of 1st period - Shot by Gabriel Landeskog.
5:18 of 1st period - Shot Misses the Net.
5:45 of 1st period - Gabriel Landeskog is hit by Erik Johnson and loses puck.
6:10 of 1st period - Shot by Mark Stone.
6:10 of 1st period - Stopped by Tristan Jarry without a rebound.
6:11 of 1st period - Cody Glass wins face-off versus Jamie Benn in NEW JERSEY Devils zone.
6:18 of 1st period - Shot by Jaccob Slavin.
6:18 of 1st period - Stopped by Elvis Merzlikins without a rebound.
6:19 of 1st period - Cody Glass wins face-off versus Jamie Benn in DETROIT Red Wings zone.
7:02 of 1st period - Shot by Jake DeBrusk.
7:02 of 1st period - Stopped by Tristan Jarry without a rebound.
7:03 of 1st period - Drake Batherson wins face-off versus Anton Lundell in NEW JERSEY Devils zone.
7:26 of 1st period - Shot by Troy Terry.
7:26 of 1st period - Stopped by Elvis Merzlikins with a rebound.
7:46 of 1st period - Shot by Troy Terry.
7:46 of 1st period - Goal by Troy Terry - DETROIT Red Wings : 0 - NEW JERSEY Devils : 1.
7:47 of 1st period - Trevor Zegras wins face-off versus Noah Gregor in neutral zone.
8:00 of 1st period - Shot by Max Domi.
8:00 of 1st period - Shot Misses the Net.
8:02 of 1st period - Shot by Jaccob Slavin.
8:02 of 1st period - Stopped by Elvis Merzlikins without a rebound.
8:03 of 1st period - Jamie Benn wins face-off versus Cody Glass in DETROIT Red Wings zone.
8:33 of 1st period - Erik Johnson is hit by Jake DeBrusk and loses puck.
8:40 of 1st period - Shot by Nathan Mackinnon.
8:40 of 1st period - Goal by Nathan Mackinnon - DETROIT Red Wings : 1 - NEW JERSEY Devils : 1.
8:41 of 1st period - Trevor Zegras wins face-off versus Drake Batherson in neutral zone.
9:08 of 1st period - Off-side.
9:09 of 1st period - Anton Lundell wins face-off versus Mike Amadio in neutral zone.
9:38 of 1st period - Shot by Mike Amadio.
9:38 of 1st period - Goal by Mike Amadio - DETROIT Red Wings : 2 - NEW JERSEY Devils : 1.
9:39 of 1st period - Jamie Benn wins face-off versus Trevor Zegras in neutral zone.
9:49 of 1st period - Shot by Nathan Mackinnon.
9:49 of 1st period - Shot Misses the Net.
9:51 of 1st period - Shot by Nathan Mackinnon.
9:51 of 1st period - Stopped by Tristan Jarry without a rebound.
9:52 of 1st period - Drake Batherson wins face-off versus Rem Pitlick in NEW JERSEY Devils zone.
9:59 of 1st period - Shot by Mark Stone.
9:59 of 1st period - Shot Hit the Post.
10:19 of 1st period - Jaccob Slavin is hit by Mark Stone and loses puck.
10:36 of 1st period - Shot by Drake Batherson.
10:36 of 1st period - Stopped by Tristan Jarry without a rebound.
10:37 of 1st period - Jamie Benn wins face-off versus Max Domi in NEW JERSEY Devils zone.
10:39 of 1st period - Nathan Mackinnon is hit by Jordan Harris and loses puck.
11:06 of 1st period - Shot by Morgan Rielly.
11:06 of 1st period - Stopped by Tristan Jarry without a rebound.
11:07 of 1st period - Mike Amadio wins face-off versus Anton Lundell in NEW JERSEY Devils zone.
11:31 of 1st period - Sami Niku is hit by Troy Terry and loses puck.
11:50 of 1st period - Shot by Mike Amadio.
11:50 of 1st period - Stopped by Tristan Jarry without a rebound.
11:51 of 1st period - Jamie Benn wins face-off versus Cody Glass in NEW JERSEY Devils zone.
12:04 of 1st period - Shot by Jake DeBrusk.
12:04 of 1st period - Stopped by Tristan Jarry without a rebound.
12:05 of 1st period - Trevor Zegras wins face-off versus Drake Batherson in NEW JERSEY Devils zone.
12:20 of 1st period - Shot by Max Domi.
12:20 of 1st period - Shot Blocked by Morgan Rielly.
12:22 of 1st period - Shot by Max Domi.
12:22 of 1st period - Stopped by Elvis Merzlikins with a rebound.
12:24 of 1st period - Shot by Max Domi.
12:24 of 1st period - Stopped by Elvis Merzlikins without a rebound.
12:25 of 1st period - Cody Glass wins face-off versus Jamie Benn in DETROIT Red Wings zone.
13:31 of 1st period - Off-side.
13:32 of 1st period - Drake Batherson wins face-off versus Anton Lundell in neutral zone.
13:44 of 1st period - Troy Terry is hit by Jake Bean and loses puck.
13:57 of 1st period - Shot by Roope Hintz.
13:57 of 1st period - Shot Misses the Net.
14:26 of 1st period - Off-side.
14:27 of 1st period - Trevor Zegras wins face-off versus Mike Amadio in neutral zone.
14:33 of 1st period - Minor Penalty to Trevor Zegras for Tripping.
14:34 of 1st period - Charlie Coyle wins face-off versus Jamie Benn in NEW JERSEY Devils zone.
15:11 of 1st period - Shot by Devon Toews.
15:11 of 1st period - Stopped by Tristan Jarry without a rebound.
15:12 of 1st period - Christian Dvorak wins face-off versus Drake Batherson in NEW JERSEY Devils zone.
15:27 of 1st period - Shot by Mark Stone.
15:27 of 1st period - Stopped by Tristan Jarry without a rebound.
15:28 of 1st period - Christian Dvorak wins face-off versus Jamie Benn in NEW JERSEY Devils zone.
15:47 of 1st period - Shot by Erik Karlsson.
15:47 of 1st period - Stopped by Tristan Jarry without a rebound.
15:48 of 1st period - Christian Dvorak wins face-off versus Drake Batherson in NEW JERSEY Devils zone.
15:55 of 1st period - Shot by Morgan Rielly.
15:55 of 1st period - Shot Blocked by Jordan Harris.
15:57 of 1st period - Shot by Jake Bean.
15:57 of 1st period - Shot Misses the Net.
15:59 of 1st period - Shot by Morgan Rielly.
15:59 of 1st period - Goal by Morgan Rielly - DETROIT Red Wings : 3 - NEW JERSEY Devils : 1.
16:00 of 1st period - Noah Gregor wins face-off versus Rem Pitlick in neutral zone.
16:28 of 1st period - Shot by Nail Yakupov.
16:28 of 1st period - Stopped by Elvis Merzlikins without a rebound.
16:29 of 1st period - Mike Amadio wins face-off versus Trevor Zegras in DETROIT Red Wings zone.
16:54 of 1st period - Shot by Jordan Harris.
16:54 of 1st period - Shot Misses the Net.
16:56 of 1st period - Shot by Charlie Coyle.
16:56 of 1st period - Stopped by Elvis Merzlikins without a rebound.
16:57 of 1st period - Jamie Benn wins face-off versus Anton Lundell in DETROIT Red Wings zone.
18:20 of 1st period - Shot by Mikko Rantanen.
18:20 of 1st period - Shot Misses the Net.
18:22 of 1st period - Shot by Drake Batherson.
18:22 of 1st period - Goal by Drake Batherson - DETROIT Red Wings : 4 - NEW JERSEY Devils : 1.
18:22 of 1st period - Scott Wedgewood enters game.
18:23 of 1st period - Mike Amadio wins face-off versus Cody Glass in neutral zone.
18:52 of 1st period - Jack Johnson is hit by Gabriel Landeskog and loses puck.
19:56 of 1st period - Max Domi is hit by Drake Batherson and loses puck.
Goals for this period are 4 for DETROIT Red Wings vs 1 for NEW JERSEY Devils.
Shots for this period are 15 for DETROIT Red Wings vs 10 for NEW JERSEY Devils.

2nd period


0:01 of 2nd period - Trevor Zegras wins face-off versus Jamie Benn in neutral zone.
0:22 of 2nd period - Icing by Erik Karlsson.
0:23 of 2nd period - Anton Lundell wins face-off versus Jamie Benn in DETROIT Red Wings zone.
0:32 of 2nd period - Shot by Roope Hintz.
0:32 of 2nd period - Shot Hit the Post.
1:34 of 2nd period - Shot by Trevor Zegras.
1:34 of 2nd period - Deflect By Charlie Coyle.
1:34 of 2nd period - Shot Blocked by Morgan Rielly.
1:44 of 2nd period - Shot by Trevor Zegras.
1:44 of 2nd period - Stopped by Elvis Merzlikins without a rebound.
1:45 of 2nd period - Mike Amadio wins face-off versus Cody Glass in DETROIT Red Wings zone.
1:57 of 2nd period - Icing by Kirby Dach.
1:58 of 2nd period - Cody Glass wins face-off versus Drake Batherson in NEW JERSEY Devils zone.
1:58 of 2nd period - Cody Glass is hit by Drake Batherson.
2:07 of 2nd period - Off-side.
2:08 of 2nd period - Trevor Zegras wins face-off versus Mike Amadio in neutral zone.
2:34 of 2nd period - Shot by Charlie Coyle.
2:34 of 2nd period - Stopped by Elvis Merzlikins without a rebound.
2:35 of 2nd period - Jamie Benn wins face-off versus Cody Glass in DETROIT Red Wings zone.
3:18 of 2nd period - Shot by Jake DeBrusk.
3:18 of 2nd period - Stopped by Scott Wedgewood without a rebound.
3:19 of 2nd period - Trevor Zegras wins face-off versus Drake Batherson in NEW JERSEY Devils zone.
3:25 of 2nd period - Icing by Morgan Rielly.
3:26 of 2nd period - Charlie Coyle wins face-off versus Drake Batherson in DETROIT Red Wings zone.
3:41 of 2nd period - Shot by Max Domi.
3:41 of 2nd period - Shot Blocked by Jake Bean.
4:29 of 2nd period - Trevor Zegras is hit by Devon Toews and loses puck.
5:15 of 2nd period - Shot by Troy Terry.
5:15 of 2nd period - Shot Blocked by Erik Karlsson.
5:30 of 2nd period - Icing by Jake DeBrusk.
5:31 of 2nd period - Jamie Benn wins face-off versus Cody Glass in DETROIT Red Wings zone.
5:58 of 2nd period - Shot by Kirby Dach.
5:58 of 2nd period - Stopped by Elvis Merzlikins with a rebound.
6:46 of 2nd period - Shot by Sean Kuraly.
6:46 of 2nd period - Stopped by Elvis Merzlikins without a rebound.
6:47 of 2nd period - Drake Batherson wins face-off versus Anton Lundell in DETROIT Red Wings zone.
6:55 of 2nd period - Off-side.
6:56 of 2nd period - Trevor Zegras wins face-off versus Drake Batherson in neutral zone.
7:08 of 2nd period - Shot by Mark Stone.
7:08 of 2nd period - Stopped by Scott Wedgewood with a rebound.
7:16 of 2nd period - Shot by Mikko Rantanen.
7:16 of 2nd period - Shot Misses the Net.
7:18 of 2nd period - Shot by Jake Bean.
7:18 of 2nd period - Stopped by Scott Wedgewood without a rebound.
7:19 of 2nd period - Mike Amadio wins face-off versus Anton Lundell in NEW JERSEY Devils zone.
7:42 of 2nd period - Shot by Anton Lundell.
7:42 of 2nd period - Stopped by Elvis Merzlikins without a rebound.
7:43 of 2nd period - Drake Batherson wins face-off versus Max Domi in DETROIT Red Wings zone.
8:10 of 2nd period - Shot by Drake Batherson.
8:10 of 2nd period - Shot Misses the Net.
8:24 of 2nd period - Shot by Mark Stone.
8:24 of 2nd period - Shot Misses the Net.
9:24 of 2nd period - Icing by Erik Karlsson.
9:25 of 2nd period - Jamie Benn wins face-off versus Rem Pitlick in DETROIT Red Wings zone.
9:48 of 2nd period - Shot by Rem Pitlick.
9:48 of 2nd period - Stopped by Elvis Merzlikins without a rebound.
9:49 of 2nd period - Mike Amadio wins face-off versus Anton Lundell in DETROIT Red Wings zone.
10:03 of 2nd period - Shot by Anton Lundell.
10:03 of 2nd period - Deflect By Roope Hintz.
10:03 of 2nd period - Shot Misses the Net.
10:11 of 2nd period - Icing by Zach Whitecloud.
10:12 of 2nd period - Mike Amadio wins face-off versus Christian Dvorak in DETROIT Red Wings zone.
10:21 of 2nd period - Kirby Dach is hit by Gabriel Landeskog and loses puck.
10:40 of 2nd period - Shot by Cody Glass.
10:40 of 2nd period - Stopped by Elvis Merzlikins without a rebound.
10:41 of 2nd period - Drake Batherson wins face-off versus Anton Lundell in DETROIT Red Wings zone.
10:48 of 2nd period - Shot by Troy Terry.
10:48 of 2nd period - Goal by Troy Terry - DETROIT Red Wings : 4 - NEW JERSEY Devils : 2.
10:49 of 2nd period - Jamie Benn wins face-off versus Anton Lundell in neutral zone.
10:56 of 2nd period - Shot by Nathan Mackinnon.
10:56 of 2nd period - Stopped by Scott Wedgewood without a rebound.
10:57 of 2nd period - Jamie Benn wins face-off versus Anton Lundell in NEW JERSEY Devils zone.
12:11 of 2nd period - Icing by Drake Batherson.
12:12 of 2nd period - Cody Glass wins face-off versus Drake Batherson in DETROIT Red Wings zone.
12:35 of 2nd period - Shot by Kirby Dach.
12:35 of 2nd period - Stopped by Elvis Merzlikins without a rebound.
12:36 of 2nd period - Mike Amadio wins face-off versus Charlie Coyle in DETROIT Red Wings zone.
15:09 of 2nd period - Shot by Rem Pitlick.
15:09 of 2nd period - Shot Misses the Net.
15:11 of 2nd period - Shot by Shayne Gostisbehere.
15:11 of 2nd period - Shot Misses the Net.
15:13 of 2nd period - Shot by Jaccob Slavin.
15:13 of 2nd period - Stopped by Elvis Merzlikins with a rebound.
15:17 of 2nd period - Shot by Shayne Gostisbehere.
15:17 of 2nd period - Shot Hit the Post.
15:19 of 2nd period - Shot by Rem Pitlick.
15:19 of 2nd period - Goal by Rem Pitlick - DETROIT Red Wings : 4 - NEW JERSEY Devils : 3.
15:20 of 2nd period - Trevor Zegras wins face-off versus Mike Amadio in neutral zone.
15:31 of 2nd period - Shot by Trevor Zegras.
15:31 of 2nd period - Stopped by Elvis Merzlikins without a rebound.
15:32 of 2nd period - Mike Amadio wins face-off versus Roope Hintz in DETROIT Red Wings zone.
15:32 of 2nd period - Mike Amadio is hit by Anton Lundell.
15:51 of 2nd period - Shot by Gabriel Landeskog.
15:51 of 2nd period - Shot Blocked by Jack Johnson.
15:56 of 2nd period - Valeri Nichushkin is hit by Erik Johnson and loses puck.
16:53 of 2nd period - Off-side.
16:54 of 2nd period - Trevor Zegras wins face-off versus Jamie Benn in neutral zone.
17:10 of 2nd period - Icing by Shayne Gostisbehere.
17:11 of 2nd period - Trevor Zegras wins face-off versus Noah Gregor in NEW JERSEY Devils zone.
18:38 of 2nd period - Drake Batherson is hit by Kirby Dach and loses puck.
19:16 of 2nd period - Anton Lundell is hit by Zach Whitecloud and loses puck.
19:21 of 2nd period - Shot by Anton Lundell.
19:21 of 2nd period - Shot Misses the Net.
19:59 of 2nd period - Devon Toews is hit by Nail Yakupov and loses puck.
Goals for this period are 0 for DETROIT Red Wings vs 2 for NEW JERSEY Devils.
Shots for this period are 4 for DETROIT Red Wings vs 12 for NEW JERSEY Devils.

3rd period


0:01 of 3rd period - Jamie Benn wins face-off versus Max Domi in neutral zone.
0:13 of 3rd period - Trevor Zegras is hit by Erik Karlsson and loses puck.
0:35 of 3rd period - Shot by Trevor Zegras.
0:35 of 3rd period - Stopped by Elvis Merzlikins without a rebound.
0:36 of 3rd period - Drake Batherson wins face-off versus Cody Glass in DETROIT Red Wings zone.
1:03 of 3rd period - Kirby Dach is hit by Drake Batherson and loses puck.
2:50 of 3rd period - Shot by Valeri Nichushkin.
2:50 of 3rd period - Shot Blocked by Trevor Zegras.
2:53 of 3rd period - Mike Amadio is hit by Jack Johnson and loses puck.
3:14 of 3rd period - Shot by Gabriel Landeskog.
3:14 of 3rd period - Stopped by Scott Wedgewood without a rebound.
3:15 of 3rd period - Noah Gregor wins face-off versus Rem Pitlick in NEW JERSEY Devils zone.
3:38 of 3rd period - Shot by Jake Bean.
3:38 of 3rd period - Shot Misses the Net.
3:55 of 3rd period - Off-side.
3:56 of 3rd period - Drake Batherson wins face-off versus Cody Glass in neutral zone.
4:11 of 3rd period - Shot by Drake Batherson.
4:11 of 3rd period - Stopped by Scott Wedgewood with a rebound.
4:32 of 3rd period - Shot by Cody Glass.
4:32 of 3rd period - Stopped by Elvis Merzlikins without a rebound.
4:33 of 3rd period - Mike Amadio wins face-off versus Trevor Zegras in DETROIT Red Wings zone.
4:38 of 3rd period - Zach Whitecloud is hit by Trevor Zegras and loses puck.
4:54 of 3rd period - Off-side.
4:55 of 3rd period - Jamie Benn wins face-off versus Anton Lundell in neutral zone.
5:37 of 3rd period - Shot by Roope Hintz.
5:37 of 3rd period - Shot Hit the Post.
5:44 of 3rd period - Icing by Jordan Harris.
5:45 of 3rd period - Anton Lundell wins face-off versus Drake Batherson in NEW JERSEY Devils zone.
5:59 of 3rd period - Devon Toews is hit by Shayne Gostisbehere and loses puck.
6:02 of 3rd period - Shot by Mark Stone.
6:02 of 3rd period - Shot Misses the Net.
6:04 of 3rd period - Shot by Devon Toews.
6:04 of 3rd period - Stopped by Scott Wedgewood without a rebound.
6:05 of 3rd period - Cody Glass wins face-off versus Mike Amadio in NEW JERSEY Devils zone.
6:07 of 3rd period - Icing by Jaccob Slavin.
6:08 of 3rd period - Drake Batherson wins face-off versus Cody Glass in NEW JERSEY Devils zone.
6:16 of 3rd period - Off-side.
6:17 of 3rd period - Jamie Benn wins face-off versus Trevor Zegras in neutral zone.
8:28 of 3rd period - Shot by Roope Hintz.
8:28 of 3rd period - Shot Blocked by Jake Bean.
8:30 of 3rd period - Shot by Erik Johnson.
8:30 of 3rd period - Shot Blocked by Jake Bean.
9:23 of 3rd period - Icing by Mike Amadio.
9:24 of 3rd period - Mike Amadio wins face-off versus Max Domi in DETROIT Red Wings zone.
9:24 of 3rd period - Mike Amadio is hit by Max Domi.
10:41 of 3rd period - Shot by Jake DeBrusk.
10:41 of 3rd period - Stopped by Scott Wedgewood with a rebound.
11:00 of 3rd period - Jamie Benn is hit by Shayne Gostisbehere and loses puck.
11:03 of 3rd period - Shot by Jamie Benn.
11:03 of 3rd period - Deflect By Jake DeBrusk.
11:03 of 3rd period - Shot Misses the Net.
11:05 of 3rd period - Shot by Jake DeBrusk.
11:05 of 3rd period - Goal by Jake DeBrusk - DETROIT Red Wings : 5 - NEW JERSEY Devils : 3.
11:06 of 3rd period - Noah Gregor wins face-off versus Anton Lundell in neutral zone.
11:48 of 3rd period - Shot by Roope Hintz.
11:48 of 3rd period - Stopped by Elvis Merzlikins with a rebound.
11:56 of 3rd period - Shot by Gabriel Landeskog.
11:56 of 3rd period - Shot Misses the Net.
11:58 of 3rd period - Shot by Zach Whitecloud.
11:58 of 3rd period - Stopped by Scott Wedgewood without a rebound.
11:59 of 3rd period - Drake Batherson wins face-off versus Trevor Zegras in NEW JERSEY Devils zone.
12:49 of 3rd period - Icing by Morgan Rielly.
12:50 of 3rd period - Rem Pitlick wins face-off versus Drake Batherson in DETROIT Red Wings zone.
13:00 of 3rd period - Nail Yakupov is hit by Morgan Rielly and loses puck.
13:05 of 3rd period - Shot by Shayne Gostisbehere.
13:05 of 3rd period - Shot Misses the Net.
13:55 of 3rd period - Shot by Jake DeBrusk.
13:55 of 3rd period - Shot Misses the Net.
13:57 of 3rd period - Shot by Devon Toews.
13:57 of 3rd period - Goal by Devon Toews - DETROIT Red Wings : 6 - NEW JERSEY Devils : 3.
13:58 of 3rd period - Trevor Zegras wins face-off versus Jamie Benn in neutral zone.
14:06 of 3rd period - Off-side.
14:07 of 3rd period - Trevor Zegras wins face-off versus Jake DeBrusk in neutral zone.
14:10 of 3rd period - Erik Karlsson is hit by Max Domi and loses puck.
14:18 of 3rd period - Icing by Jake DeBrusk.
14:19 of 3rd period - Troy Terry wins face-off versus Jamie Benn in DETROIT Red Wings zone.
14:22 of 3rd period - Shot by Troy Terry.
14:22 of 3rd period - Stopped by Elvis Merzlikins without a rebound.
14:23 of 3rd period - Trevor Zegras wins face-off versus Jamie Benn in DETROIT Red Wings zone.
14:30 of 3rd period - Shot by Max Domi.
14:30 of 3rd period - Shot Misses the Net.
14:55 of 3rd period - Shot by Max Domi.
14:55 of 3rd period - Stopped by Elvis Merzlikins without a rebound.
14:56 of 3rd period - Anton Lundell wins face-off versus Mike Amadio in DETROIT Red Wings zone.
15:16 of 3rd period - Icing by Zach Whitecloud.
15:17 of 3rd period - Mike Amadio wins face-off versus Cody Glass in DETROIT Red Wings zone.
16:14 of 3rd period - Shot by Charlie Coyle.
16:14 of 3rd period - Stopped by Elvis Merzlikins without a rebound.
16:15 of 3rd period - Max Domi wins face-off versus Jamie Benn in DETROIT Red Wings zone.
16:16 of 3rd period - Shot by Charlie Coyle.
16:16 of 3rd period - Shot Blocked by Erik Karlsson.
16:39 of 3rd period - Shot by Charlie Coyle.
16:39 of 3rd period - Shot Misses the Net.
17:26 of 3rd period - Shot by Roope Hintz.
17:26 of 3rd period - Shot Blocked by Jake Bean.
18:09 of 3rd period - Icing by Erik Johnson.
18:10 of 3rd period - Anton Lundell wins face-off versus Mike Amadio in NEW JERSEY Devils zone.
18:10 of 3rd period - Anton Lundell is hit by Gabriel Landeskog.
18:16 of 3rd period - Shot by Sami Niku.
18:16 of 3rd period - Stopped by Scott Wedgewood without a rebound.
18:17 of 3rd period - Trevor Zegras wins face-off versus Noah Gregor in NEW JERSEY Devils zone.
18:30 of 3rd period - Shot by Max Domi.
18:30 of 3rd period - Stopped by Elvis Merzlikins without a rebound.
18:31 of 3rd period - Cody Glass wins face-off versus Valeri Nichushkin in DETROIT Red Wings zone.
18:34 of 3rd period - Shot by Christian Dvorak.
18:34 of 3rd period - Shot Misses the Net.
19:05 of 3rd period - Shot by Valeri Nichushkin.
19:05 of 3rd period - Stopped by Scott Wedgewood with a rebound.
19:07 of 3rd period - Shot by Valeri Nichushkin.
19:07 of 3rd period - Stopped by Scott Wedgewood without a rebound.
19:08 of 3rd period - Jamie Benn wins face-off versus Trevor Zegras in NEW JERSEY Devils zone.
19:49 of 3rd period - Shot by Jake DeBrusk.
19:49 of 3rd period - Stopped by Scott Wedgewood with a rebound.
Goals for this period are 2 for DETROIT Red Wings vs 0 for NEW JERSEY Devils.
Shots for this period are 11 for DETROIT Red Wings vs 7 for NEW JERSEY Devils.